 Dungeon Crawl Stone Soup version 0.20.1-1-g8b1a95d (webtiles) character file.

4 tidbits the Insei (level 1, 0/15 HPs)
             Began as a Demigod Transmuter on Aug 19, 2017.
             Slain by an adder (5 damage)
             ... on level 2 of the Dungeon.
             The game lasted 00:00:55 (130 turns).

tidbits the Insei (Demigod Transmuter)               Turns: 130, Time: 00:00:55

Health: 0/15       AC:  2    Str: 13    XL:     1   Next: 40%
Magic:  4/5        EV: 12    Int: 17    God:
Gold:   0          SH:  0    Dex: 16    Spells: 2/3 levels left

rFire    . . .     SeeInvis .     - Unarmed
rCold    . . .     Gourm    .   (no shield)
rNeg     . . .     Faith    .   b - +0 robe
rPois    .         Spirit   .   (no helmet)
rElec    .         Reflect  .   (no cloak)
rCorr    .         Harm     .   (no gloves)
MR       .....                  (boots currently unavailable)
Stlth    +.........             (no amulet)
Regen    0.1/turn               (no ring)
MPRegen  0.1/turn               (no ring)

@: lethally poisoned (0 -> -14), appendage (expiring)
A: talons 3, high mp 1
a: End Transformation


You were on level 2 of the Dungeon.
You were not hungry.
You had grown temporary talons.
You visited 1 branch of the dungeon, and saw 2 of its levels.

Inventory:

Missiles
 a - 12 arrows
Armour
 b - a +0 robe (worn)
Scrolls
 f - a scroll of remove curse {unknown}
Potions
 e - 2 potions of haste {unknown}
Books
 c - a book of Changes

   Spells                             Type                      Level
   a - Beastly Appendage              Transmutation                1
   b - Sticks to Snakes               Transmutation                2
   c - Spider Form                    Transmutation/Poison         3
   d - Ice Form                       Ice/Transmutation            4
   e - Blade Hands                    Transmutation                5
Comestibles
 d - 2 bread rations


   Skills:
 - Level 0.8 Fighting
 - Level 1.7 Dodging
 + Level 3.0 Unarmed Combat
 - Level 1.7 Spellcasting
 - Level 1.7 Transmutations


You had 2 spell levels left.
You knew the following spells:

 Your Spells              Type           Power        Failure   Level  Hunger
e - Beastly Appendage     Tmut           #.....       10%         1    #......


Dungeon Overview and Level Annotations

Branches:
Dungeon (2/15)


Innate Abilities, Weirdness & Mutations

You have an increased reservoir of magic. (+10% MP)
You have claws for feet.


Message History

Welcome, tidbits the Demigod Transmuter.
Will you prevail where others failed? Will you find the Orb of Zot?
Press ? for a list of commands and other information.
Found a grey potion and a leather armour.
Found a staircase leading out of the dungeon.
e - a grey potion You open the large door.
There is a large open door here.
A bat comes into view.
Found a bread ration.
You see here a bread ration.
Casting: Beastly Appendage
Confirm with . or Enter, or press ? or * to list all spells.
You grow a pair of large bovine horns.
The bat hits you but does no damage. The bat hits you.
You hit the bat.
You kill the bat!
d - 2 bread rations (gained 1)
You see here a bat corpse.
Your transformation is almost over.
Found a grey potion.
Magic restored.
Your horns disappear.
e - 2 grey potions (gained 1)
You see here a bat corpse.
Found an escape hatch in the floor.
There is an escape hatch in the floor here.
You slide downwards.
The hatch slams shut behind you.
A rat comes into view.
Found a stone staircase leading down.
Casting: Beastly Appendage
Confirm with . or Enter, or press ? or * to list all spells.
Your feet morph into talons.
You hit the rat but do no damage. You claw the rat.
You kill the rat!
Found a ring mail.
A rat comes into view.
The rat bites you but does no damage.
You hit the rat. Your kick misses the rat.
The rat is heavily wounded.
Your transformation is almost over.
The rat closely misses you.
You hit the rat.
You kill the rat!
A hobgoblin comes into view.
The hobgoblin shouts!
Casting: Beastly Appendage
Confirm with . or Enter, or press ? or * to list all spells.
You miscast Beastly Appendage.
You are very lightly contaminated with residual magic.
Nothing appears to happen.
Casting: Beastly Appendage
Confirm with . or Enter, or press ? or * to list all spells.
You extend your transformation's duration.
You closely miss the hobgoblin. The hobgoblin closely misses you.
You hit the hobgoblin. You claw the hobgoblin.
You kill the hobgoblin!
Your Unarmed Combat skill increases to level 3!
Your transformation is almost over.
Found a scroll labeled JACIGUT UJECLA.
Your magical contamination has completely faded away.
f - a scroll labeled JACIGUT UJECLA Your talons disappear.
An adder comes into view.
The adder hisses angrily.
You hit the adder.
The adder is heavily wounded.
The adder bites you.
You are poisoned.
The adder poisons you!
Casting: Beastly Appendage
Confirm with . or Enter, or press ? or * to list all spells.
Your feet morph into talons.
You feel sick. The adder bites you. The adder barely misses you.
You hit the adder.
The adder is heavily wounded.
The adder misses you.
You closely miss the adder. Your kick misses the adder.
The adder is heavily wounded.
Your transformation is almost over.
You feel sick. The adder bites you.
* * * LOW HITPOINT WARNING * * *
You are lethally poisoned!
The adder poisons you!
You hit the adder.
The adder is almost dead.
The adder bites you.
* * * LOW HITPOINT WARNING * * *
The adder bites you.
You die...

#.>.....#.#...
..#..#..#.#..
#....#..#.#.#
#....#..#.#.########
#....#..#..........#
#....#..#.#.######.#
#.#.##.......# #.#
#.#.##....##.#####.######
#......#####.#.@........#
#......# #.#S###......#
#......# #.#. #......#
#......# #.#. ########
........# #.#. .##.......
#.#. . ##.###.## .. #.#
.[ ## #.# #..


You could see an adder.

Vanquished Creatures
  A bat (D:1)
  A hobgoblin (D:2)
  2 rats (D:2)
4 creatures vanquished.

Notes
Turn   | Place    | Note
-------+----------+-------------------------------------------
     0 | D:1      | tidbits the Demigod Transmuter began the quest for the Orb.
     0 | D:1      | Reached XP level 1. HP: 15/15 MP: 5/5
   103 | D:2      | Reached skill level 3 in Unarmed Combat
   130 | D:2      | Slain by an adder

Skill      XL: |  1 |
---------------+----+-----
Unarmed Combat | 3 |  3.0
Fighting       | |  0.8
Dodging        | |  1.7
Spellcasting   | |  1.7
Transmutations | |  1.7

Action                   || total
-------------------------++-------
Melee: Unarmed           ||    10
       Kick              ||     2
 Cast: Beastly Appendage ||     4
Armor: Robe              ||     2
Dodge: Dodged            ||     4

Table legend:
 A = Turns spent in this place as a percentage of turns spent in the entire game.
 B = Non-inter-level travel turns spent in this place as a percentage of non-inter-level travel turns spent in the entire game.
 C = Inter-level travel turns spent in this place as a percentage of turns spent in this place.
 D = Turns resting spent in this place as a percentage of non-inter-level travel turns spent in this place.
 E = Turns spent auto-exploring this place as a percentage of non-inter-level travel turns spent in this place.
 F = Non-inter-level travel turns spent in this place divided by the number of levels of this place that you've seen.
                   A       B       C       D       E      F
               +-------+-------+-------+-------+-------+----------------------
         Total | 100.0 | 100.0 |   1.1 |   0.0 |   0.0 |  44.0
       Dungeon | 100.0 | 100.0 |   1.1 |   0.0 |   0.0 |  44.0
               +-------+-------+-------+-------+-------+----------------------

Table legend:
 A = Kills in this place as a percentage of kills in entire the game.
 B = Kills by you in this place as a percentage of kills by you in the entire game.
 C = Kills by friends in this place as a percentage of kills by friends in the entire game.
 D = Other kills in this place as a percentage of other kills in the entire game.
 E = Experience gained in this place as a percentage of experience gained in the entire game.
 F = Experience gained in this place divided by the number of levels of this place that you have seen.
                   A       B       C       D       E      F
               +-------+-------+-------+-------+-------+----------------------
         Total | 100.0 | 100.0 |  -nan |  -nan | 100.0 |   3.0
       Dungeon | 100.0 | 100.0 |  -nan |  -nan | 100.0 |   3.0
               +-------+-------+-------+-------+-------+----------------------

Vault maps used:
D:1:      lemuel_arrival_behind_the_door_large, minmay_crystal_room, tso_altar
